 Dungeon Crawl Stone Soup version 0.31-a0-198-g2ad674f65e (webtiles) character file.

Game seed: 9627303151976592136

154 qw the Skirmisher (level 5, -6/29 HPs)
             Began as a Deep Elf Hunter on June 25, 2023.
             Killed from afar by Sigmund (13 damage)
             ... with a puff of flame
             ... on level 3 of the Dungeon.
             The game lasted 00:00:46 (2212 turns).

qw the Skirmisher (Deep Elf Hunter)                 Turns: 2212, Time: 00:00:47

Health: -6/29      AC:  4    Str: 10    XL:     5   Next: 13%
Magic:  7/7        EV: 12    Int: 14    God:
Gold:   178        SH:  0    Dex: 18    Spells: 4/4 levels left

rFire   . . .        Y - +2 shortbow
rCold   . . .        (shield currently unavailable)
rNeg    . . .        c - +0 leather armour
rPois   .            (no helmet)
rElec   .            (no cloak)
rCorr   .            h - +0 pair of gloves
SInv    .            (no boots)
Will    .....        (no amulet)
Stlth   ++           (no ring)
HPRegen 0.24/turn    (no ring)
MPRegen 0.10/turn

%: no passive effects
@: no status effects
A: sense surroundings 1, screaming 1
a: no special abilities


You were on level 3 of the Dungeon.
You visited 1 branch of the dungeon, and saw 3 of its levels.

You collected 178 gold pieces.


Innate Abilities, Weirdness & Mutations

You passively map a small area around you.
You occasionally shout uncontrollably at your foes.


   Skills:
 - Level 1.5 Fighting
 + Level 8.5 Ranged Weapons
 - Level 2.4 Dodging
 - Level 1.2 Stealth


You had 4 spell levels left.
You didn't know any spells.
Your spell library was empty.

Inventory:

Hand Weapons
 Y - a +2 shortbow (weapon)
Armour
 c - a +0 leather armour (worn)
 h - a +0 pair of gloves (worn)
Scrolls
 a - a scroll of blinking {unknown}
 b - a scroll of teleportation
 j - a scroll of poison {unknown}
Potions
 d - a potion of curing {unknown}
 e - a potion of mutation
 f - a potion of enlightenment {unknown}
 g - a potion of resistance {unknown}
 i - a potion of ambrosia {unknown}
 k - a potion of attraction {unknown}
 l - a potion of might {unknown}

Dungeon Overview and Level Annotations

Branches:
Dungeon (3/15)

Altars:

Annotations:
D:3 Sigmund


Message History

Enter note:
Enter note:
Enter note:
Enter note:
Enter note:
Enter note:
2203 ||| STILL FLEEEEING.
Enter note:
Enter note:
Enter note:
Enter note:
Enter note:
Enter note:
2204 ||| STILL FLEEEEING.
2205 ||| STILL FLEEEEING.
2206 ||| STILL FLEEEEING.
Enter note:
Enter note:
Enter note:
Enter note:
Enter note:
Enter note:
2207 ||| STILL FLEEEEING.
Enter note:
Enter note:
Enter note:
Enter note:
Enter note:
Enter note: You shoot an arrow.
You shoot an arrow. You shoot an arrow. You shoot an arrow.
A puff of flame appears from out of thin air!
The puff of flame hits you!
You shoot an arrow.
You hear a zap.
A puff of flame appears from out of thin air!
The puff of flame hits you!
You die...

#.....# #.........# ######.#####
#.###...#.# ..##.......#
#..##.######## #.##.#.###.# *,
#....%.......# #.##.#%# #.# #
##.##.######.# #.##.#.# #.# #.*
##+##.# , #.##.#.###.#
#.###...#.# #.##.......#
#.........# ,#
#.####.##.######@......## .###
..####........#.........####.....
......%...>...+......{..'.......#
######.#...##.#>........####....#
#.##.## ,##.......## ,.#.# #....#
* *##[....## *.^* #.##.# *
##...## , ## #). ,, ##+## ### , *
* * **


There were no monsters in sight!

Vanquished Creatures
  A sleepcap (D:3)
  Jessica (D:3)
  4 adders
  2 worms (D:2)
  6 dart slugs
  A ball python (D:1)
  4 endoplasms
  3 giant cockroaches
  4 goblins
  5 hobgoblins
  6 kobolds
  5 bats
  A frilled lizard (D:2)
  8 rats
51 creatures vanquished.

Notes
Turn   | Place    | Note
-------+----------+-------------------------------------------
     0 | D:1      | qw the Deep Elf Hunter began the quest for the Orb.
     0 | D:1      | Reached XP level 1. HP: 12/12 MP: 3/3
     0 | D:1      | 0 ||| qw: Version: 0.3-a-22-g0ed2b0b
     0 | D:1      | 0 ||| qw: Game counter: 5024
     0 | D:1      | 0 ||| qw: Melee chars always use a shield: true
     0 | D:1      | 0 ||| qw: God list: Okawaru
     0 | D:1      | 0 ||| qw: Allow faded altars: false
     0 | D:1      | 0 ||| qw: Do Orc after clearing Dungeon:15 true
     0 | D:1      | 0 ||| qw: Do second Lair branch before Depths: true
     0 | D:1      | 0 ||| qw: Lair rune preference: random
     0 | D:1      | 0 ||| qw: Goals: Normal
     0 | D:1      | 0 ||| PLANNING D:1-11
   147 | D:1      | 147 ||| FLEEEEING.
   148 | D:1      | 148 ||| FLEEEEING.
   149 | D:1      | 149 ||| FLEEEEING.
   291 | D:1      | Reached XP level 2. HP: 16/16 MP: 4/4
   391 | D:1      | Reached skill level 6 in Ranged Weapons
   671 | D:1      | 671 ||| READING scroll labelled CYRCHIOPOTA.
   772 | D:1      | 772 ||| READING 2 scrolls labelled WEW PUNKAAVINN.
   773 | D:1      | 773 ||| READING scroll of enchant weapon.
   773 | D:1      | 773 ||| ENCHANTING +1 shortbow.
   774 | D:1      | 774 ||| READING scroll labelled PUUHYT ICOI.
   775 | D:1      | 775 ||| READING scroll labelled WUMON TON FUCH.
   776 | D:1      | 776 ||| DRINKING 2 metallic pink potions.
   776 | D:1      | Gained mutation: You occasionally shout uncontrollably at
                  | your foes. [potion of mutation]
   776 | D:1      | Gained mutation: You passively map a small area around you.
                  | [potion of mutation]
   777 | D:1      | 777 ||| DROPPING scroll of butterflies.
   796 | D:2      | 796 ||| STAIRDANCE
   819 | D:2      | 819 ||| STAIRDANCE
   926 | D:2      | Reached XP level 3. HP: 20/20 MP: 5/5
  1191 | D:2      | Reached skill level 7 in Ranged Weapons
  1549 | D:2      | 1549 ||| UPGRADING to +0 pair of gloves.
  1554 | D:2      | 1554 ||| READING scroll labelled XIORESSE DANT.
  1555 | D:2      | 1555 ||| READING 2 scrolls labelled WOATOORILU.
  1558 | D:2      | 1558 ||| READING scroll labelled UDACKY QAKKE.
  1559 | D:2      | 1559 ||| READING scroll labelled HACIARRIJIW.
  1560 | D:2      | 1560 ||| READING scroll labelled XYROYQ LISOPN.
  1581 | D:3      | Noticed Jessica
  1587 | D:3      | Killed Jessica
  1588 | D:3      | Reached XP level 4. HP: 25/25 MP: 6/6
  1591 | D:3      | 1591 ||| STAIRDANCE
  1847 | D:3      | Reached skill level 8 in Ranged Weapons
  2025 | D:3      | Reached XP level 5. HP: 29/29 MP: 7/7
  2195 | D:3      | Noticed Sigmund
  2198 | D:3      | 2198 ||| FLEEEEING.
  2211 | D:3      | HP: 7/29 [something/puff of flame (12)]
  2212 | D:3      | Killed from afar by Sigmund

Levels and vault maps discovered:
D:1:      saegor_arrival_under_anarchy, layout_basic, st_stairs_3
D:2:      layout_basic, minivault_11, minivault_19, grunt_ministairs_2
D:3:      layout_loops_corners, minmay_surrounded, uniq_sigmund, uniq_jessica

Skill      XL: |  1  2  3  4 |
---------------+-------------+-----
Ranged Weapons | 6 7 8 |  8.5
Fighting       | |  1.5
Dodging        | |  2.4
Stealth        | |  1.2

Action                     |  1- 3 |  4- 6 || total
---------------------------+-------+-------++-------
   Fire: Shortbow          |    84 |    53 ||   137
    Use: Scroll            |    10 |       ||    10
         Potion            |     1 |       ||     1
 Armour: Leather armour    |    10 |     1 ||    11
  Dodge: Dodged            |    17 |     4 ||    21

Table legend:
 A = Non-vault XP
 B = Vault XP
 C = Vault XP percentage of total XP
 D = Non-vault monster count
 E = Vault monster count
 F = Vault count percentage of total count
                 A         B        C        D         E       F
            +---------+---------+-------+---------+---------+-------
      Total |     166 |      54 |  24.5 |      42 |       9 |  17.6
            +---------+---------+-------+---------+---------+-------
        D:1 |      26 |       3 |  10.3 |      11 |       2 |  15.4
        D:2 |      43 |       8 |  15.7 |      16 |       3 |  15.8
        D:3 |      97 |      43 |  30.7 |      15 |       4 |  21.1
            +---------+---------+-------+---------+---------+-------
